 Dungeon Crawl Stone Soup version 0.31-a0-851-g7ff8af7976 (webtiles) character file.

Game seed: 14741429360684616512

93823 Joey1 the Executioner (level 15, -9/141 HPs)
             Began as a Minotaur Berserker on Oct 8, 2023.
             Was a High Priest of Trog.
             Shot with an arrow by a centaur warrior (23 damage)
             ... on level 15 of the Dungeon.
             The game lasted 01:12:54 (24872 turns).

Joey1 the Executioner (Minotaur Berserker)         Turns: 24872, Time: 01:12:54

Health: -9/141     AC: 17    Str: 26    XL:     15   Next: 61%
Magic:  14/14      EV:  9    Int:  6    God:    Trog [*****.]
Gold:   1933       SH:  0    Dex: 11    Spells: 14/14 levels left

rFire   x . .        T - +8 frozen axe "Frostbite" {freeze, freezing cloud, *Noise Fly rC+}
rCold   + + .        (shield currently unavailable)
rNeg    . . .        B - +0 plate armour
rPois   .            (helmet restricted)
rElec   .            s - +0 cloak
rCorr   .            a - +2 pair of gloves
SInv    .            (no boots)
Will    +....        M - amulet of faith Stlth
                     I - ring of ice
HPRegen 0.43/turn    K - +4 ring of slaying
MPRegen 0.14/turn

%: faith
@: flying
A: horns 2, retaliatory headbutt
a: Renounce Religion, Berserk, Trog's Hand, Brothers in Arms


You were on level 15 of the Dungeon.
You worshipped Trog.
Trog was extremely pleased with you.
You visited 3 branches of the dungeon, and saw 21 of its levels.
You also visited: Ice Cave.

You collected 1933 gold pieces.

Inventory:

Hand Weapons
 d - a +2 broad axe
 T - the +8 frozen axe "Frostbite" (weapon) {freeze, freezing cloud, *Noise Fly rC+}
   (You found it on level 9 of the Dungeon)

   rC+:       It protects you from cold.
   Fly:       It grants you flight.
   *Noise:    It may make a loud noise when swung.
 Z - a +7 hand axe of flaming
Missiles
 F - a curare-tipped dart
 P - 30 boomerangs (quivered)
 S - 2 throwing nets
Armour
 a - a +2 pair of gloves (worn)
 m - a +0 tower shield
 s - a +0 cloak (worn)
 B - a +0 plate armour (worn)
 C - a +1 ring mail of fire resistance
Jewellery
 f - a +5 ring of evasion
 y - a ring of resist corrosion
 I - a ring of ice (left hand)
 K - a +4 ring of slaying (right hand)
 M - an amulet of faith (around neck)
 N - a ring of fire
Wands
 o - a wand of quicksilver (21)
 r - a wand of charming (14)
 t - a wand of flame (65)
 u - a wand of digging (12)
 D - a wand of roots (14)
 R - a wand of polymorph (1)
Scrolls
 c - 2 scrolls of fog {unknown}
 g - 4 scrolls of enchant weapon
 i - 4 scrolls of silence
 l - 3 scrolls of revelation
 p - 2 scrolls of enchant armour {unknown}
 v - 4 scrolls of butterflies
 x - 2 scrolls of poison
 E - 6 scrolls of teleportation
 J - 2 scrolls of torment {unknown}
 L - 4 scrolls of fear
 Q - a scroll of brand weapon {unknown}
 U - 6 scrolls of noise
 W - 2 scrolls of immolation {unknown}
Potions
 e - 2 potions of invisibility {unknown}
 h - 4 potions of attraction
 j - a potion of might {unknown}
 k - 2 potions of resistance
 n - 6 potions of enlightenment
 q - a potion of degeneration {unknown}
 w - a potion of heal wounds
 z - 3 potions of mutation
 A - 10 potions of curing
 G - 2 potions of magic {unknown}
 H - 6 potions of cancellation
 O - 5 potions of haste
 V - 2 potions of lignification
 X - 3 potions of ambrosia {unknown}
 Y - a potion of berserk rage {unknown}
Miscellaneous
 b - a tin of tremorstones (2/2)


   Skills:
 - Level 15.0 Fighting
 + Level 22.7 Axes
 - Level 7.0 Armour
 - Level 5.0 Dodging
 - Level 15.0 Shields
 - Level 8.0 Evocations


You had 14 spell levels left.
You didn't know any spells.
Your spell library was empty.

Dungeon Overview and Level Annotations

Branches:
Dungeon (15/15)            Temple (1/1) D:4            Lair (5/5) D:10
  Swamp (0/4) Lair:3       Spider (0/4) Lair:2        Slime (0/5) Lair:4
    Orc (0/2) D:12         Vaults (0/5) D:14          IceCv (visited)
 Depths: D:15

Altars:
Ashenzari
Cheibriados
Dithmenos
Fedhas
Gozag
Hepliaklqana
Kikubaaqudgha
Makhleb
Nemelex Xobeh
Okawaru
Qazlal
Ru
Sif Muna
Trog
Uskayaw
Vehumet
Wu Jian
Xom
Yredelemnul
Zin
The Shining One

Shops:
D:6 :   D:7 =:   D:8 (   D:14 (


Innate Abilities, Weirdness & Mutations

You have a pair of horns on your head.
You reflexively headbutt those who attack you in melee.


Message History

The centaur warrior shouts!
The centaur warrior wields a +0 orcbow of flaming.
It bursts into flame!
The centaur warrior shoots an arrow.
The arrow hits you. The arrow burns you.
A centaur warrior is nearby!
The centaur warrior shoots an arrow.
The arrow hits you! The arrow burns you.
You see here 10 gold pieces.
The centaur warrior shoots an arrow.
The arrow hits you! The arrow burns you.
The centaur warrior shoots an arrow.
The arrow hits you! The arrow burns you.
You hear a shout!
The centaur warrior shoots an arrow.
The arrow hits you! The arrow burns you!
The centaur warrior shoots an arrow.
The arrow hits you. The arrow burns you.
You are too injured to fight recklessly!
You are too injured to fight recklessly!
You are too injured to fight recklessly!
Your ogre goes berserk!
The centaur warrior shoots an arrow.
The arrow hits you. The arrow burns you.
A deep elf pyromancer comes into view. It is wielding a +0 long sword.
The centaur warrior shoots an arrow.
The arrow hits you! The arrow burns you.
* * * LOW HITPOINT WARNING * * *
The centaur warrior shoots an arrow.
The arrow hits you!!
* * * LOW HITPOINT WARNING * * *
The arrow burns you!
* * * LOW HITPOINT WARNING * * *
You feel much better.
The centaur warrior shoots an arrow.
The arrow hits you.
* * * LOW HITPOINT WARNING * * *
The arrow burns you.
* * * LOW HITPOINT WARNING * * *
The centaur warrior shoots an arrow.
The arrow hits you!
* * * LOW HITPOINT WARNING * * *
The arrow burns you!
* * * LOW HITPOINT WARNING * * *
The centaur warrior shoots an arrow.
The arrow hits your ogre!! The arrow burns your ogre.
The centaur warrior shoots an arrow.
The arrow hits your ogre! The arrow burns your ogre!
Your ogre dies!
Your ogre's corpse disappears in a puff of smoke!
The centaur warrior shoots an arrow.
The arrow hits you!!
You die...

##..###.# ........#
##. #..#..#####....
#.......c.c....
#......§.......
#...$P.♣P.♣....
#.#...♣♣.♣.♣ .
#.#...♣♣...♣
#.#)@♣...PP..
#....P♣...P..
#.####...P.PP...
#.......♣♣♣...♣♣P
######...♣♣..P♣ #<#
#....PP.PPP
##)###..........
######...##..........
#...........#...#.#.#


You could see a centaur warrior.

Vanquished Creatures
  3 frost giants (IceCv)
  A white draconian (IceCv)
  2 fire dragons (Lair:5)
  6 ice dragons (IceCv)
  Harold (D:8)
  4 hydras
  8 vault guards
  2 catoblepae (D:14)
  7 ironbound frosthearts (IceCv)
  4 boulder beetles
  6 death yaks (Lair:5)
  A centaur warrior (D:14)
  2 two-headed ogres
  Nergalle (D:12)
  6 skeletal warriors
  3 skysharks (Lair:5)
  A swamp dragon (Lair:5)
  Pikel (D:8)
  A deep elf pyromancer (D:15)
  3 lindwurms (Lair:5)
  An orc knight (D:15)
  A glowing shapeshifter (D:11)
  12 ugly things
  5 manticores
  20 elephants
  Joseph (D:10)
  5 black mambas
  A cyclops (D:13)
  A gargoyle (D:13)
  2 ice statues (D:14)
  5 torpor snails (Lair:5)
  13 rime drakes
  Jeremiah (D:9)
  8 cane toads
  7 komodo dragons
  A tengu conjurer (D:13)
  An efreet (D:14)
  2 ice devils
  3 meliai (D:13)
  12 polar bears
  4 tyrant leeches
  6 hornets (Lair:5)
  Prince Ribbit (Lair:2)
  20 blink frogs
  4 dream sheep (Lair:4)
  A wraith (D:10)
  6 slime creatures (D:13)
  A shadow (D:11)
  A vampire (D:12)
  3 wyverns
  48 yaks
  7 basilisks
  An unseen horror simulacrum (D:8)
  A redback (Lair:2)
  11 vampire mosquitoes
  2 wargs (D:10)
  2 swamp worms (Lair:3)
  3 acid dragons
  14 water moccasins
  4 orc warriors
  4 black bears
  4 swamp drakes (Lair:5)
  2 ice beasts (D:8)
  2 ogres
  2 centaurs
  6 wolves
  4 lemures
  2 phantoms (D:7)
  5 kobold brigands
  14 bullfrogs
  2 gnoll sergeants
  5 wights (D:9)
  4 killer bees (D:9)
  An electric eel (D:14)
  5 howler monkeys
  A crimson imp (D:10)
  5 hounds
  4 orc priests
  An iron imp (D:4)
  2 jellies
  2 sleepcaps (D:6)
  Jessica (D:3)
  4 iguanas
  Natasha (thrice) (D:4)
  7 orc wizards
  Ijyb (D:3)
  16 gnolls
  15 adders
  4 shadow imps
  9 white imps
  4 ufetubi
  3 worms
  3 dart slugs
  27 orcs
  3 bats
  8 endoplasms
  3 giant cockroaches
  15 goblins
  11 hobgoblins
  3 jackals (D:5)
  20 kobolds
  7 quokkas
  4 frilled lizards
  A rat (D:2)
554 creatures vanquished.

Vanquished Creatures (collateral kills)
  A frost giant (IceCv)
1 creature vanquished.

Vanquished Creatures (others)
  A centaur (D:12)
1 creature vanquished.

Grand Total: 556 creatures vanquished

Notes
Turn   | Place    | Note
-------+----------+-------------------------------------------
     0 | D:1      | Joey1 the Minotaur Berserker began the quest for the Orb.
     0 | D:1      | Reached XP level 1. HP: 19/19 MP: 0/0
   117 | D:1      | Reached skill level 4 in Axes
   210 | D:1      | Reached XP level 2. HP: 22/27 MP: 1/1
   341 | D:1      | Reached XP level 3. HP: 24/33 MP: 2/2
   403 | D:1      | Found a faded altar of an unknown god.
   971 | D:1      | Reached XP level 4. HP: 18/40 MP: 3/3
  1073 | D:2      | Reached skill level 5 in Axes
  1096 | D:2      | Reached ** piety under Trog
  1199 | D:2      | Identified the +0 hand axe "Xalaarr" {heavy, rN+}
  1584 | D:3      | Noticed Ijyb
  1599 | D:3      | Killed Ijyb
  1600 | D:3      | Reached XP level 5. HP: 47/47 MP: 4/4
  1677 | D:3      | Noticed Jessica
  1690 | D:3      | Killed Jessica
  1722 | D:3      | Found a glowing silver altar of Zin.
  1825 | D:3      | Found an opulent altar of Gozag.
  2523 | D:4      | Reached skill level 6 in Axes
  2525 | D:4      | Reached skill level 5 in Fighting
  2577 | D:4      | Found a faded altar of an unknown god.
  2577 | D:4      | Found a hazy altar of Hepliaklqana.
  2579 | D:4      | Found a faded altar of an unknown god.
  2685 | D:4      | Reached XP level 6. HP: 46/56 MP: 5/5
  2812 | D:4      | Found a snail-covered altar of Cheibriados.
  2836 | D:4      | Reached skill level 7 in Axes
  2954 | D:4      | Found a sacrificial altar of Ru.
  3038 | D:4      | Found a staircase to the Ecumenical Temple.
  3082 | D:4      | Reached skill level 5 in Armour
  3160 | D:4      | Reached *** piety under Trog
  3217 | D:4      | Noticed Natasha
  3235 | D:4      | Killed Natasha
  3236 | D:4      | Reached XP level 7. HP: 49/61 MP: 6/6
  3315 | D:4      | Reached skill level 8 in Axes
  3385 | D:4      | Noticed Natasha
  3391 | D:4      | Killed Natasha
  3644 | D:4      | Found a snail-covered altar of Cheibriados.
  3776 | D:4      | Found a sacrificial altar of Ru.
  3826 | D:4      | Noticed Natasha
  3833 | D:4      | Killed Natasha
  3848 | Temple   | Entered the Ecumenical Temple
  3903 | D:5      | Entered Level 5 of the Dungeon
  4288 | D:5      | Found a sparkling altar of Nemelex Xobeh.
  4290 | D:5      | Found a blossoming altar of Fedhas.
  4290 | D:5      | Found a broken altar of Ashenzari.
  4354 | D:5      | Reached skill level 9 in Axes
  4811 | D:5      | Reached skill level 10 in Axes
  5237 | D:6      | Reached XP level 8. HP: 62/68 MP: 7/7
  5272 | D:6      | Found a hide-covered altar of Uskayaw.
  5633 | D:6      | Found Mafo's Vocational Training.
  5699 | D:6      | Found an iron altar of Okawaru.
  5750 | D:6      | Found an ancient bone altar of Kikubaaqudgha.
  5844 | D:6      | Reached skill level 11 in Axes
  6016 | D:7      | Found Mejuh's Jewellery Emporium.
  6125 | D:7      | Found a bloodstained altar of Trog.
  6139 | D:7      | Reached skill level 12 in Axes
  6229 | D:7      | Found Syqoenav's Book Shoppe.
  6248 | D:7      | Reached **** piety under Trog
  6294 | D:7      | Reached skill level 13 in Axes
  6636 | D:7      | Found a glowing golden altar of the Shining One.
  6800 | D:8      | Noticed a polar bear
  6812 | D:8      | Killed a polar bear
  6813 | D:8      | Reached XP level 9. HP: 74/74 MP: 8/8
  6917 | D:8      | Noticed Pikel
  6965 | D:8      | Reached skill level 14 in Axes
  7058 | D:8      | Found an ornate altar of the Wu Jian Council.
  7153 | D:8      | Found a shadowy altar of Dithmenos.
  7183 | D:8      | Found Gouw's Weapon Shop.
  7233 | D:8      | Killed Pikel
  7356 | D:8      | Noticed a polar bear
  7389 | D:8      | Killed a polar bear
  7556 | D:8      | Found a radiant altar of Vehumet.
  7685 | D:8      | Found a shimmering blue altar of Sif Muna.
  7892 | D:8      | Reached skill level 10 in Fighting
  8100 | D:9      | Noticed Jeremiah
  8113 | D:9      | Killed Jeremiah
  8114 | D:9      | Reached XP level 10. HP: 79/93 MP: 9/9
  8547 | D:9      | Noticed Harold
  8577 | D:8      | Killed Harold
  8578 | D:8      | Reached skill level 15 in Axes
  8981 | D:9      | Found the +8 frozen axe "Frostbite" {freeze, freezing
                  | cloud, *Noise Fly rC+}
  9066 | D:9      | Found a stormy altar of Qazlal.
  9489 | D:9      | Noticed a purple ugly thing
  9495 | D:9      | Killed a purple ugly thing
  9496 | D:9      | Reached skill level 16 in Axes
  9496 | D:9      | Reached skill level 1 in Evocations
  9840 | D:10     | Entered Level 10 of the Dungeon
  9840 | D:10     | Found a staircase to the Lair.
  9847 | D:9      | Reached ***** piety under Trog
 10052 | D:10     | Reached XP level 11. HP: 83/101 MP: 10/10
 10159 | D:10     | Noticed Joseph
 10170 | D:10     | Killed Joseph
 10434 | D:10     | Found a burning altar of Makhleb.
 10435 | D:10     | Found a shimmering altar of Xom.
 11200 | D:11     | Received a gift from Trog
 11348 | D:11     | Noticed a boulder beetle
 11405 | D:11     | Noticed a two-headed ogre
 11438 | Lair:1   | Entered Level 1 of the Lair of Beasts
 11550 | Lair:1   | Reached skill level 1 in Shields
 11561 | Lair:1   | Identified the +1 battleaxe of Oreazxi {protect, *Noise rF+
                  | rC+}
 11725 | Lair:1   | Reached skill level 5 in Dodging
 12322 | Lair:2   | Noticed Prince Ribbit
 12347 | Lair:2   | Killed Prince Ribbit
 12430 | Lair:2   | Reached skill level 17 in Axes
 12444 | Lair:2   | Noticed a six-headed hydra
 12484 | Lair:2   | Killed a one-headed hydra
 12485 | Lair:2   | Reached skill level 5 in Shields
 12485 | Lair:2   | Reached skill level 5 in Evocations
 12485 | Lair:2   | Reached XP level 12. HP: 101/112 MP: 11/11
 13258 | Lair:2   | Found a hole to the Spider Nest.
 13454 | Lair:3   | Reached ****** piety under Trog
 13618 | Lair:3   | Reached skill level 18 in Axes
 14025 | Lair:3   | Noticed a four-headed hydra
 14032 | Lair:3   | Killed a one-headed hydra
 14262 | Lair:3   | Noticed a seven-headed hydra
 14314 | Lair:3   | Killed a four-headed hydra
 14511 | Lair:3   | Found a staircase to the Swamp.
 14593 | Lair:4   | Reached XP level 13. HP: 114/123 MP: 12/12
 14936 | Lair:4   | Found a staircase to the Slime Pits.
 15144 | Lair:4   | Reached skill level 15 in Fighting
 15453 | Lair:5   | Entered Level 5 of the Lair of Beasts
 15555 | Lair:5   | Received a gift from Trog
 15707 | Lair:5   | Reached skill level 10 in Shields
 16359 | Lair:5   | Found a runed translucent door.
 16360 | Lair:5   | Noticed a fire dragon
 16392 | Lair:5   | Reached XP level 14. HP: 135/135 MP: 13/13
 16559 | Lair:5   | Received a gift from Trog
 16697 | Lair:5   | Paralysed by a hornet for 3 turns
 18416 | D:11     | Reached skill level 15 in Shields
 18875 | D:12     | Noticed Nergalle
 18881 | D:12     | Killed Nergalle
 19334 | D:12     | Found a staircase to the Orcish Mines.
 19776 | D:13     | Received a gift from Trog
 20206 | D:13     | Reached skill level 19 in Axes
 20597 | D:14     | Found a gate to the Vaults.
 20817 | D:14     | Found a frozen archway.
 20997 | IceCv    | Entered an ice cave
 21008 | IceCv    | Reached skill level 20 in Axes
 21440 | IceCv    | Reached XP level 15. HP: 102/141 MP: 14/14
 21748 | IceCv    | Noticed a frost giant
 21748 | IceCv    | Noticed a frost giant
 21748 | IceCv    | Noticed a frost giant
 21768 | IceCv    | Killed a frost giant
 21778 | IceCv    | Killed a frost giant
 21806 | IceCv    | Killed a frost giant
 21807 | IceCv    | Reached skill level 21 in Axes
 22082 | IceCv    | Noticed a frost giant
 22099 | IceCv    | Killed a frost giant
 22803 | IceCv    | Received a gift from Trog
 23291 | D:14     | Reached skill level 22 in Axes
 23928 | D:14     | Found Guraxuroagy's Antique Weapon Shoppe.
 24392 | D:14     | Identified the +0 leather armour "Nyufet" {rPois Dex+6
                  | Slay+2}
 24626 | D:15     | Entered Level 15 of the Dungeon
 24872 | D:15     | Shot with an arrow by a centaur warrior

Illustrated notes

Levels and vault maps discovered:
D:1:      sevenhm_arrival_forest_fort_large_2, layout_basic,
          basic_ecumenical_altar, serial_forest, infiniplex_forest_clump_C,
          infiniplex_forest_straight_2, infiniplex_forest_straight_1,
          infiniplex_forest_lined_1
D:2:      layout_rooms, amcnicky_mini_rare_corridor_liquid
D:3:      layout_loops_corners, pdpol_temple_overflow_zin_treasury_gozag_greed,
          uniq_ijyb, uniq_jessica
D:4:      layout_loops_ring, nicolae_hepliaklqana_ecumenical_no_more,
          mainiacjoe_overflow_boulevard, chei_slow_surprise, temple_hall,
          grunt_ministairs_11, nicolae_half_adder, uniq_natasha
D:5:      layout_basic, gammafunk_temple_overflow_forgotten,
          guppyfry_early_lair_pool
D:6:      layout_cave_pods, okawaru_trees_2, overflow_temple_1_default,
          mainiacjoe_overflow_tiny_flanked,
          hangedman_abyss_or_decor_lesser_grid, nicolae_shop_vocational
D:7:      layout_rooms, trog_ov_bears_minmay, lemuel_round_altar, serial_shops,
          nicolae_book_shop_shelving, nicolae_stop_n_shop_1
D:8:      layout_loops_ring, mainiacjoe_overflow_six_doors_small,
          nicolae_elyvilon_temple_path, lemuel_tele_altar,
          mainiacjoe_overflow_catch_the_wave, serial_ice, serial_ice_b,
          serial_ice_j, serial_ice_e, serial_ice_o, serial_shops,
          nicolae_shop_pleasant_corner_grove, minmay_unpleasant_kobolds,
          uniq_pikel
D:9:      layout_stronghold, general_overflow_altar, serial_rivers,
          chequers_serial_rivers_large_a, chequers_serial_rivers_room_a,
          chequers_serial_rivers_micro_a, chequers_serial_rivers_micro_a,
          chequers_serial_rivers_room_a, chequers_serial_rivers_small_3,
          chequers_serial_rivers_micro_e, hellmonk_guarded_unrand_frostbite,
          uniq_harold, uniq_jeremiah
D:10:     layout_layer_cave, grunt_temple_overflow_champion_of_chaos,
          erik_lair_orcish_takeover, nicolae_lava_and_water,
          chequers_serial_rivers_micro_d, minmay_sticks_and_stones
D:11:     layout_gridville, minmay_three_doors
D:12:     layout_stronghold, orc_0_dummy, lemuel_nasty_fountain, uniq_nergalle
D:13:     layout_long_grid
D:14:     nzn_motion_control, layout_irregular_city, erik_vaults_2,
          wad_floor_pattern_1, serial_shops, nicolae_shop_dealshenge,
          portal_ice_cave_entry_ice_statue_two, hangedman_decor_slide_cut,
          minivault_14
D:15:     hangedman_depths_entry_civil_slaughter, layout_basic,
          serial_park_square1 [serial_park_minivault_5x5_5], uniq_jorgrun
Temple:   ebering_the_one_and_only
Lair:1:   layout_roguey
Lair:2:   layout_gridlike, spider_nest_entry_funnel_web, lemuel_fruit_tree,
          uniq_prince_ribbit2
Lair:3:   wad_woods_04, layout_concentric_octagons, palyth_hydra_swamp_entry,
          pdpol_lair_neglected_garden, grunt_megastairs_2
Lair:4:   wander_river, layout_gridlike, slime_entry_1
Lair:5:   wormcave, layout_loops_ring, guppyfry_lair_end_dragon, st_stairs_5,
          chequers_serial_rivers_micro_d, grunt_megastairs_5,
          infiniplex_staircase_pool_2

Skill      XL: |  1  2  3  4  5  6  7  8  9 10 11 12 13 14 15 |
---------------+----------------------------------------------+-----
Axes           | 4 5 6 7 10 13 14 16 17 18 20 22 | 22.7
Fighting       | 4 5 10 11 13 15 | 15.0
Armour         | 3 4 5 6 7 |  7.0
Evocations     | 2 5 7 8 |  8.0
Dodging        | 3 5 |  5.0
Shields        | 5 12 15 | 15.0

Action                     |  1- 3 |  4- 6 |  7- 9 | 10-12 | 13-15 || total
---------------------------+-------+-------+-------+-------+-------++-------
  Melee: Hand axe          |    71 |   188 |   303 |    76 |     4 ||   642
         Headbutt          |     7 |    33 |    62 |    51 |   126 ||   279
         Punch             |       |     1 |     2 |       |       ||     3
         Executioner's axe |       |       |       |   213 |   480 ||   693
  Throw: Boomerang         |       |       |       |     4 |       ||     4
 Invoke: Berserk           |     1 |       |     2 |     3 |     5 ||    11
         Trog's Hand       |       |     3 |     1 |       |     2 ||     6
         Brothers in Arms  |       |       |       |       |     2 ||     2
  Evoke: Wand              |       |       |       |     2 |       ||     2
    Use: Scroll            |       |       |     6 |     4 |    10 ||    20
         Potion            |       |       |       |     1 |     2 ||     3
 Armour: Animal skin       |     4 |       |       |       |       ||     4
         Leather armour    |    10 |       |       |       |       ||    10
         Ring mail         |    26 |    87 |   207 |    78 |       ||   398
         Plate armour      |       |       |       |   107 |   441 ||   548
         Ice dragon scales |       |       |       |       |    36 ||    36
  Dodge: Dodged            |    36 |    97 |   138 |   146 |   204 ||   621

Table legend: (Time is in decaauts)
 A = Elapsed time spent in this place.
 B = Non-inter-level travel time spent in this place.
 C = Inter-level travel time spent in this place.
 D = Time resting spent in this place.
 E = Time spent auto-exploring this place.
 F = Levels seen in this place.
 G = Mean time per level.
                   A        B        C        D        E       F      G
               +--------+--------+--------+--------+--------+-----+--------+
         Total |  24927 |  23937 |    990 |   4304 |  15394 |  22 | 1133.0 |
       Dungeon |  16200 |  15459 |    741 |   1971 |  11042 |  15 | 1080.0 |
        Temple |      1 |      1 |      0 |      0 |      0 |   1 |    1.0 |
          Lair |   6461 |   6212 |    249 |   1101 |   3928 |   5 | 1292.2 |
      Ice Cave |   2264 |   2264 |      0 |   1231 |    424 |   1 | 2264.0 |
               +--------+--------+--------+--------+--------+-----+--------+

Top non-repeatable levels by time:
   IceCv: 2264 daAuts
  Lair:5: 2194 daAuts
    D:13: 1713 daAuts
     D:8: 1694 daAuts
     D:4: 1544 daAuts
     D:9: 1402 daAuts
    D:10: 1359 daAuts
  Lair:3: 1300 daAuts
    D:14: 1234 daAuts
  Lair:2: 1136 daAuts
    D:11: 1128 daAuts
  Lair:4: 1083 daAuts
     D:1: 995 daAuts
     D:5: 972 daAuts
     D:3: 958 daAuts
